 Dungeon Crawl Stone Soup version 0.31-a0-1336-g7fd7ca34b5 (webtiles) character file.

Game seed: 2369277846195337846

750 Flugkiller the Fighter (level 7, -15/81 HPs)
             Began as an Oni Chaos Knight on Dec 21, 2023.
             Was a Plaything of Xom.
             Demolished by an ogre
             ... wielding a +0 giant club
              (28 damage)
             ... on level 4 of the Dungeon.
             The game lasted 00:04:04 (2863 turns).

Flugkiller the Fighter (Oni Chaos Knight)           Turns: 2863, Time: 00:04:05

Health: -15/81     AC:  6    Str: 18 (19) XL:     7   Next: 78%
Magic:  16/16      EV:  9    Int: 12 (13) God:    Xom [*.....]
Gold:   167        SH:  0    Dex:  8      Spells: 6/6 levels left

rFire   . . .        a - +0 mace (chaos)
rCold   . . .        (no shield)
rNeg    . . .        b - +2 robe
rPois   .            (helmet restricted)
rElec   .            f - +0 cloak
rCorr   .            (gloves unavailable)
SInv    +            (boots unavailable)
Will    +....        (no amulet)
Stlth   ++           h - ring of magical power
HPRegen 0.33/turn    i - ring of see invisible
MPRegen 0.15/turn

%: no passive effects
@: no status effects
A: drunken brawling, large, unfitting armour, horns 2, tough skin 1, double
potion healing, camouflage 1, deterioration 1, strong-willed 1, evolution 1, no
potion heal 1
a: Renounce Religion


You were on level 4 of the Dungeon.
You worshipped Xom.
You were a special plaything of Xom.
You visited 1 branch of the dungeon, and saw 4 of its levels.

You collected 167 gold pieces.

Inventory:

Hand Weapons
 a - a +0 mace of chaos (weapon)
Missiles
 j - 2 throwing nets
 u - 4 curare-tipped darts
Armour
 b - a +2 robe (worn)
 f - a +0 cloak (worn)
   (You found it on level 1 of the Dungeon)
Jewellery
 h - a ring of magical power (left hand)
   (You found it on level 1 of the Dungeon)
 i - a ring of see invisible (right hand)
   (You found it on level 3 of the Dungeon)
Talismans
 s - a beast talisman
   (You found it on level 2 of the Dungeon)
Wands
 r - a wand of charming (9)
   (You found it on level 4 of the Dungeon)
Scrolls
 c - a scroll of enchant weapon
 e - a scroll of fog
 g - a scroll of revelation
 k - a scroll of vulnerability {unknown}
 l - 2 scrolls of noise {unknown}
 n - a scroll of poison {unknown}
 o - a scroll of enchant armour {unknown}
 t - 2 scrolls of teleportation
Potions
 d - a potion of might
 m - 3 potions of brilliance {unknown}
 p - a potion of magic {unknown}
 v - 2 potions of mutation {unknown}


   Skills:
 + Level 8.5 Fighting
 - Level 6.0 Maces & Flails
 - Level 2.1 Dodging
 + Level 2.6 Shapeshifting


You had 6 spell levels left.
You didn't know any spells.
Your spell library contained the following spells:

 Spells                   Type           Power      Damage    Failure   Level
 Apportation              Tloc           0%         N/A       32%         1
 Magic Dart               Conj           0%         1d3       32%         1
 Blink                    Tloc           0%         N/A       45%         2
 Call Imp                 Summ           0%         N/A       45%         2
 Jinxbite                 Hex            0%         N/A       45%         2
 Static Discharge         Conj/Air       0%         3-3/arc   45%         2
 Call Canine Familiar     Summ           0%         N/A       69%         3
 Dazzling Flash           Conj/Hex       0%         N/A       69%         3
 Mephitic Cloud           Conj/Alch/Air  0%         N/A       69%         3
 Sigil of Binding         Hex            0%         N/A       69%         3
 Airstrike                Air            0%         2d(0-16)  97%         4
 Dimensional Bullseye     Hex/Tloc       0%         N/A       97%         4
 Summon Lightning Spire   Summ/Air       0%         N/A       97%         4
 Agony                    Necr           0%         N/A       100%        5
 Alistair's Intoxication  Alch           0%         N/A       100%        5
 Silence                  Hex/Air        0%         N/A       100%        5


Dungeon Overview and Level Annotations

Branches:
Dungeon (4/15) Zot: 21092
 Temple: D:4-7

Altars:
Ashenzari
The Shining One

Annotations:
D:2 1 runed translucent door, Crazy Yiuf
D:4 Ijyb


Innate Abilities, Weirdness & Mutations

Whenever you drink a potion that restores your health or magic, you attack all enemies around you.
You are too large for most types of armour.
You have a pair of horns on your head.
You have tough skin. (AC +1)
Whenever you drink a potion that restores your health or magic, it restores twice as much.
Your skin changes colour to match your surroundings (Stealth+).
Your body sometimes deteriorates upon taking damage.
You are strong-willed. (Will+)
You have hidden genetic potential.
Potions are less effective at restoring your health.


Message History

The gnoll hits you with a +0 club.
The kobold shouts!
You hit the gnoll. You burn the gnoll. You headbutt the gnoll.
You kill the gnoll!
You hit the kobold.
You kill the kobold!
Things that are here:
a +0 club; a gnoll corpse No target in view!
No target in view!
v - 2 dark potions (gained 1) "Let me alter your body."
Your body is suffused with distortional energy.
Your system partially rejects the healing effects of potions.
A quokka is nearby!
Unknown command.
A quokka is nearby!
Found an escape hatch in the ceiling.
The quokka bites you but does no damage.
You hit the quokka.
You feel better.
You headbutt the quokka.
You kill the quokka!
No target in view!
A hobgoblin comes into view.
An adder comes into view.
Found a scroll labelled RIGI ZALIA.
The hobgoblin shouts!
The adder hisses angrily.
Unknown command.
The hobgoblin hits you.
You sock the adder!
The adder is severely wounded.
The adder barely misses you. The hobgoblin misses you. The adder bites you.
You closely miss the adder.
The adder is severely wounded.
The hobgoblin closely misses you. The adder bites you but does no damage.
The hobgoblin hits you.
You completely miss the adder. Your headbutt misses the adder.
The adder is severely wounded.
The adder bites you.
You are poisoned.
The adder poisons you!
The hobgoblin hits you but does no damage.
You closely miss the adder. You headbutt the adder.
You kill the adder!
You feel sick. The hobgoblin closely misses you.
You closely miss the hobgoblin.
You feel sick.
The hobgoblin hits you but does no damage.
You sock the hobgoblin!
You kill the hobgoblin!
You feel sick.
No target in view!
No target in view!
No target in view!
No target in view!
You feel sick.
You feel sick.
You feel sick.
You are no longer poisoned.
l - 2 scrolls labelled RIGI ZALIA (gained 1) Key pressed, stopping explore.
Xom's power brushes against you for a moment.
Your body is suffused with distortional energy.
You feel yourself wasting away.
You see here a +0 robe.
Found a broken altar of Ashenzari.
Unknown command.
You hit the ogre but do no damage.
The ogre suddenly seems more resistant.
The ogre hits you with a +0 giant club!!
You thump the ogre!
The ogre seems to grow stronger.
Xom is highly amused!
You headbutt the ogre.
The ogre is heavily wounded.
You barely miss the ogre. You punch the ogre.
The ogre is heavily wounded.
The ogre hits you with a +0 giant club!!!
* * * LOW HITPOINT WARNING * * *
Your body deteriorates!
You feel dopey.
You are too injured to fight recklessly!
Okay, then.
Okay, then.
You take a swig of the potion and twirl your +0 mace of chaos.
You barely miss the ogre. Your headbutt misses the ogre.
The ogre is heavily wounded.
You feel better.
The ogre hits you with a +0 giant club!!
* * * LOW HITPOINT WARNING * * *
Your body deteriorates!
You feel weakened.
A shower of butterflies erupts from you!
Unknown command.
You swap places.
Unknown command.
You swap places.
Unknown command.
Unknown command.
You take a swig of the potion and twirl your +0 mace of chaos.
You barely miss the ogre. You headbutt the ogre!
The ogre is almost dead.
You feel better.
The ogre hits you with a +0 giant club!!
You die...
Xom giggles madly!

....#..............#.....# .#
#..##..............##...##..#
#........^............_.....
....#..............##...##
....#..##..........#.....#..o.
....##..###..........#.#.......
.....##..##.....[...##.##......o
.....##...#......O#..bb..........
..#..###........@###............#
..#...####.......# ###.>........#
.##..............###.##..........
.......#..........#..............
......##........................#
......####.......#..##.........#
....<.# #.....#.####.#......o###
......# ###....#.###.........o.#.
......###................##......


You could see an ogre (strong, resistant).

Vanquished Creatures
  Grinder (D:3)
  Sigmund (D:2)
  2 scorpions (D:4)
  A sleepcap (D:4)
  Jessica (D:2)
  Natasha (twice) (D:2)
  An orc wizard (D:3)
  4 gnolls (D:4)
  3 adders
  A bombardier beetle (D:3)
  2 worms (D:2)
  2 dart slugs (D:1)
  4 orcs
  6 ball pythons
  7 bats
  4 endoplasms
  5 giant cockroaches
  7 goblins
  4 hobgoblins
  4 quokkas
  4 kobolds
  6 rats
72 creatures vanquished.

Notes
Turn   | Place    | Note
-------+----------+-------------------------------------------
     0 | D:1      | Flugkiller the Oni Chaos Knight began the quest for the
                  | Orb.
     0 | D:1      | Reached XP level 1. HP: 24/24 MP: 1/1
    61 | D:1      | XOM: divination: detect creatures
   156 | D:1      | Gained mutation: Whenever you drink a potion that restores
                  | your health or magic, it restores twice as much. [Oni
                  | growth]
   156 | D:1      | Gained mutation: You have a pair of small horns on your
                  | head. [Oni growth]
   156 | D:1      | Gained mutation: You have tough skin. (AC +1) [Oni growth]
   156 | D:1      | Reached XP level 2. HP: 22/33 MP: 2/2
   192 | D:1      | Reached skill level 5 in Fighting
   285 | D:1      | Reached XP level 3. HP: 42/42 MP: 3/3
   478 | D:2      | Noticed Jessica
   484 | D:2      | Killed Jessica
   485 | D:2      | Reached skill level 6 in Fighting
   494 | D:2      | Reached XP level 4. HP: 52/52 MP: 4/4
   596 | D:2      | Noticed Sigmund
   597 | D:2      | XOM: confuse monster(s)
   749 | D:3      | XOM: noise
   784 | D:3      | XOM: smoke on damage
  1265 | D:2      | Killed Sigmund
  1266 | D:2      | Reached skill level 7 in Fighting
  1266 | D:2      | Reached XP level 5. HP: 31/62 MP: 5/5
  1266 | D:2      | Reached XP level 6. HP: 35/71 MP: 6/6
  1357 | D:2      | Noticed Natasha
  1367 | D:2      | Killed Natasha
  1368 | D:2      | Reached skill level 5 in Maces & Flails
  1507 | D:2      | XOM: silly message
  1547 | D:2      | Noticed Natasha
  1555 | D:2      | Killed Natasha
  1614 | D:2      | Found a runed translucent door.
  1615 | D:2      | Noticed Crazy Yiuf
  1948 | D:4      | Noticed Grinder
  2080 | D:3      | Killed Grinder
  2081 | D:3      | Reached skill level 1 in Shapeshifting
  2081 | D:3      | Reached XP level 7. HP: 34/79 MP: 7/7
  2231 | D:4      | XOM: give mutations
  2231 | D:4      | Gained mutation: Your skin changes colour to match your
                  | surroundings (Stealth+). [Xom's grace]
  2231 | D:4      | Gained mutation: You have hidden genetic potential. [Xom's
                  | grace]
  2231 | D:4      | Gained mutation: You are strong-willed. (Will+) [Xom's
                  | grace]
  2231 | D:4      | Gained mutation: You have a pair of horns on your head.
                  | [Xom's grace]
  2237 | D:4      | Reached skill level 8 in Fighting
  2326 | D:4      | XOM: polymorph adder -> bat
  2501 | D:4      | Noticed Ijyb
  2540 | D:4      | XOM: summons friendly white imp
  2677 | D:4      | Found a glowing golden altar of the Shining One.
  2744 | D:4      | XOM: give mutation
  2744 | D:4      | Gained mutation: Potions are less effective at restoring
                  | your health. [Xom's mischief]
  2843 | D:4      | XOM: give mutation
  2843 | D:4      | Gained mutation: Your body sometimes deteriorates upon
                  | taking damage. [Xom's mischief]
  2844 | D:4      | Found a broken altar of Ashenzari.
  2857 | D:4      | XOM: butterfly on damage
  2863 | D:4      | Demolished by an ogre

Illustrated notes

Levels and vault maps discovered:
D:1:      dpeg_arrival_rooms_a, layout_rooms, minmay_misc_feat_hallway,
          hangedman_decor_opposing
D:2:      layout_rooms, uniq_crazy_yiuf_cottage, uniq_sigmund, uniq_jessica,
          uniq_natasha
D:3:      layout_rooms, kennysheep_decorative_pillar
D:4:      layout_cave_pools, old_standard_altar,
          mainiacjoe_overflow_small_starburst, palyth_stone_intersect,
          uniq_grinder, uniq_ijyb

Skill      XL: |  1  2  3  4  5  6  7 |
---------------+----------------------+-----
Fighting       | 5 6 7 8 |  8.5
Maces & Flails | 4 5 6 |  6.0
Shapeshifting  | 1 2 |  2.6
Dodging        | |  2.1

Action                     |  1- 3 |  4- 6 |  7- 9 || total
---------------------------+-------+-------+-------++-------
  Melee: Mace              |    57 |    95 |    64 ||   216
         Headbutt          |     5 |    14 |    14 ||    33
         Punch             |       |     1 |     2 ||     3
    Use: Scroll            |       |     3 |     2 ||     5
         Potion            |       |     3 |     2 ||     5
   Stab: Sleeping          |       |       |     3 ||     3
 Armour: Robe              |    48 |    78 |    52 ||   178
  Dodge: Dodged            |    39 |    44 |    33 ||   116
         Form:             |       |     1 |       ||     1
         Beast             |       |     1 |       ||     1

Table legend: (Time is in decaauts)
 A = Elapsed time spent in this place.
 B = Non-inter-level travel time spent in this place.
 C = Inter-level travel time spent in this place.
 D = Time resting spent in this place.
 E = Time spent auto-exploring this place.
 F = Levels seen in this place.
 G = Mean time per level.
                   A        B        C        D        E       F      G
               +--------+--------+--------+--------+--------+-----+--------+
         Total |   2906 |   2827 |     79 |    833 |   1183 |   4 |  726.5 |
       Dungeon |   2906 |   2827 |     79 |    833 |   1183 |   4 |  726.5 |
               +--------+--------+--------+--------+--------+-----+--------+

Top non-repeatable levels by time:
     D:3: 1025 daAuts
     D:2: 710 daAuts
     D:1: 605 daAuts
     D:4: 564 daAuts
